 Dungeon Crawl Stone Soup version 0.30-a0-719-gcc4359ea44 (webtiles) character file.

Game seed: 2292340859284043991

89362 Lobster4 the Grappler (level 15, -12/152 HPs)
             Began as a Troll Hedge Wizard on Jan 25, 2023.
             Was a Priest of Wu Jian.
             Killed by divine providence
             ... invoked by a meliai
              (13 damage)
             ... on level 2 of the Spider Nest on Jan 26, 2023.
             The game lasted 01:38:52 (27214 turns).

Lobster4 the Grappler (Troll Hedge Wizard)         Turns: 27214, Time: 01:38:53

Health: -12/152    AC: 15    Str: 29 (30) XL:     15   Next: 49%
Magic:  20/20      EV: 17    Int:  9 (12) God:    Wu Jian [***...]
Gold:   2641       SH:  5    Dex: 11      Spells: 19/22 levels left

rFire   . . .      SeeInvis .      - Unarmed
rCold   + . .      Faith    .    (no shield)
rNeg    . . .      Spirit   .    h - +1 steam dragon scales
rPois   +          Reflect  +    Q - +2 hat
rElec   +          Harm     .    i - +2 cloak {rPois}
rCorr   +          Rampage  .    (gloves unavailable)
Will    +....                    (boots unavailable)
Stlth   +                        o - amulet "Biminy" {Reflect rElec Str+4 SH+5}
HPRegen 1.25/turn                p - ring of the Raven {rElec rC+ rCorr}
MPRegen 0.17/turn                T - ring of Xom's Amusement {EV+5 Dex+2}

@: lethally poisoned (-12 -> -12)
A: large, unfitting armour, claws 3, regeneration 1, shaggy fur 1, tough skin 1
a: Renounce Religion, Wall Jump, Serpent's Lash


You were on level 2 of the Spider Nest.
You worshipped Wu Jian.
Wu Jian was most pleased with you.
You visited 5 branches of the dungeon, and saw 25 of its levels.
You also visited: Trove.

You collected 3799 gold pieces.
You spent 1158 gold pieces at shops.

Inventory:

Hand Weapons
 f - a +2 mace of protection
 v - a +0 shortbow
 D - a +1 sling of freezing
 F - a +2 morningstar of protection
 K - a +0 dire flail of holy wrath
Missiles
 k - a throwing net
 t - 32 large rocks
 x - 3 silver boomerangs
 z - 6 silver javelins
 A - 14 boomerangs (quivered)
 E - 20 poisoned darts
 R - 4 javelins
Armour
 h - +1 steam dragon scales (worn)
 i - a +2 cloak of poison resistance (worn)
 I - the +1 robe of the Stars {rN+}
   (You bought it in a shop on level 3 of the Dungeon)

   rN:        It protects you from negative energy.
 J - the +1 robe "Nimiuw" {rCorr Stlth+}
   (You bought it in a shop on level 3 of the Dungeon)

   rCorr:     It protects you from acid and corrosion.
   Stlth:     It makes you more stealthy.
 Q - a +2 hat (worn)
 S - a +1 robe of willpower
Magical Staves
 O - a staff of fire
Jewellery
 c - a ring of flight
 o - the amulet "Biminy" (around neck) {Reflect rElec Str+4 SH+5}
   (You acquired it on level 8 of the Dungeon)

   [amulet of reflection]

   It reflects blocked missile attacks.
   Str:       It affects your strength (+4).
   rElec:     It insulates you from electricity.
   SH:        It affects your SH (+5).
 p - the ring of the Raven (left claw) {rElec rC+ rCorr}
   (You found it in a treasure trove)

   [ring of resist corrosion]

   rC:        It protects you from cold.
   rElec:     It insulates you from electricity.
   rCorr:     It protects you from acid and corrosion.
 P - the amulet "Wirodeq" {Spirit rElec rF+ Dex+2 SInv}
   (You found it on level 5 of the Lair of Beasts)

   [amulet of guardian spirit]

   It causes incoming damage to be divided between your reserves of health and
   magic.
   Dex:       It affects your dexterity (+2).
   rF:        It protects you from fire.
   rElec:     It insulates you from electricity.
   SInv:      It lets you see invisible.
 T - the ring of Xom's Amusement (right claw) {EV+5 Dex+2}
   (You found it on level 12 of the Dungeon)

   [ring of evasion]

   EV:        It affects your evasion (+5).
   Dex:       It affects your dexterity (+2).
 V - a ring of positive energy
 W - a ring of see invisible
Wands
 g - a wand of digging (15)
 r - a wand of paralysis (14)
 s - a wand of flame (26)
 B - a wand of acid (11)
 Z - a wand of roots (8)
Scrolls
 b - 13 scrolls of identify
 m - 6 scrolls of teleportation
 q - 5 scrolls of magic mapping
 u - a scroll of immolation
 C - 2 scrolls of poison
 H - 7 scrolls of enchant weapon
 M - 3 scrolls of fog
 U - a scroll of brand weapon
 X - a scroll of blinking
Potions
 a - 5 potions of brilliance
 d - 4 potions of magic
 e - 4 potions of berserk rage
 j - 3 potions of lignification
 l - a potion of invisibility
 n - 10 potions of curing
 w - a potion of heal wounds
 G - 5 potions of haste
 L - a potion of resistance
Miscellaneous
 y - a tin of tremorstones (1/2)
 N - a phantom mirror


   Skills:
 + Level 10.9 Fighting
 + Level 8.9 Maces & Flails
 - Level 5.0 Throwing
 - Level 10.0 Armour
 + Level 8.7 Dodging
 - Level 1.0 Stealth
 + Level 13.0 Unarmed Combat
 - Level 4.0 Spellcasting
 - Level 5.0 Conjurations
 - Level 0.6 Summonings
 - Level 4.0 Translocations
 - Level 3.0 Evocations


You had 19 spell levels left.
You knew the following spells:

 Your Spells              Type           Power      Damage    Failure   Level
a - Magic Dart            Conj           40%        1d5       3%          1
b - Blink                 Tloc           18%        N/A       8%          2

Your spell library contained the following spells:

 Spells                   Type           Power      Damage    Failure   Level
 Apportation              Tloc           18%        N/A       5%          1
 Lesser Beckoning         Tloc           18%        N/A       8%          2
 Gell's Gravitas          Tloc           9%         N/A       16%         3
 Teleport Other           Tloc           9%         N/A       16%         3
 Slow                     Hex            4%         N/A       26%         1
 Call Imp                 Summ           2%         N/A       32%         2
 Cigotuvi's Dreadful Rot  Necr/Pois/Air  2%         N/A       38%         2
 Mephitic Cloud           Conj/Pois/Air  4%         N/A       38%         3
 Manifold Assault         Tloc           9%         N/A       45%         4
 Confusing Touch          Hex            1%         N/A       63%         3
 Frozen Ramparts          Ice            2%         1d1       63%         3
 Ozocubu's Armour         Ice            1%         N/A       63%         3
 Vampiric Draining        Necr           1%         2d6       63%         3
 Iskenderun's Battlesphe  Conj           10%        2d6       67%         5
 Summon Ice Beast         Ice/Summ       2%         N/A       94%         4
 Ice Form                 Ice/Tmut       1%         N/A       95%         4
 Fireball                 Conj/Fire      3%         3d4       95%         5
 Summon Forest            Summ/Tloc      2%         N/A       96%         5
 Alistair's Intoxication  Tmut/Pois      0%         N/A       100%        5
 Metabolic Englaciation   Hex/Ice        0%         N/A       100%        5
 Summon Mana Viper        Hex/Summ       2%         N/A       100%        5
 Conjure Ball Lightning   Conj/Air       3%         3x3d6     100%        6
 Eringya's Noxious Bog    Tmut/Pois      0%         N/A       100%        6
 Simulacrum               Ice/Necr       0%         N/A       100%        6
 Monstrous Menagerie      Summ           1%         N/A       100%        7
 Orb of Destruction       Conj           5%         9d5       100%        7
 Ozocubu's Refrigeration  Ice            0%         4d7       100%        7
 Storm Form               Tmut/Air       0%         N/A       100%        7
 Summon Hydra             Summ           1%         N/A       100%        7
 Discord                  Hex            0%         N/A       100%        8
 Disjunction              Tloc           4%         N/A       100%        8


Dungeon Overview and Level Annotations

Branches:
Dungeon (15/15)            Temple (1/1) D:6            Lair (5/5) D:9
 Shoals (0/4) Lair:2       Spider (2/4) Lair:3        Slime (0/5) Lair:4
    Orc (2/2) D:11            Elf (0/3) Orc:2        Vaults (0/5) D:14
 Depths (0/4) D:15

Altars:
Ashenzari
Cheibriados
Dithmenos
Elyvilon
Fedhas
Gozag
Hepliaklqana
Kikubaaqudgha
Makhleb
Nemelex Xobeh
Okawaru
Qazlal
Ru
Sif Muna
Trog
Uskayaw
Vehumet
Wu Jian
Xom
Yredelemnul
Zin
The Shining One
Jiyva

Shops:
D:1 [   D:3 [(!*[   D:10 [   D:12 *   D:14 [(*   D:15 ?   Orc:2 (*[:


Innate Abilities, Weirdness & Mutations

You are too large for most types of armour.
You have claws for hands.
Your natural rate of healing is unusually fast.
You are covered in fur. (AC +1)
You have tough skin. (AC +1)


Message History

The demonic crawler hits you but does no damage.
The demonic crawler completely misses you.
You mangle the demonic crawler!!
The demonic crawler is severely wounded.
You feel sick. The demonic crawler hits you.
* * * LOW HITPOINT WARNING * * *
The demonic crawler hits you!
* * * LOW HITPOINT WARNING * * *
The demonic crawler hits you but does no damage.
Blink to where?
Press: ? - help, Dir - move target
As you read the scroll of blinking, it crumbles to dust.
You feel sick.
As you read the scroll of teleportation, it crumbles to dust.
You feel strangely unstable.
You feel sick.
You feel sick.
You feel sick.
Your surroundings suddenly seem different.
A wolf spider and 3 meliai come into view.
Found a throwing net and a spear.
Found a stone staircase leading down.
You feel sick.
The wolf spider's many legs skitter.
The meliai buzzes angrily. x2
The wolf spider hits you.
* * * LOW HITPOINT WARNING * * *
The wolf spider completely misses you.
You lunge at the meliai.
You mangle the meliai!!
The meliai is severely wounded.
You spin and attack the wolf spider repeatedly.
You scratch the wolf spider.
The wolf spider is lightly wounded.
You scratch the wolf spider but do no damage.
The wolf spider is lightly wounded.
You feel sick. The meliai barely misses you. The meliai misses you.
The meliai invokes the aid of its god against you.
Something smites you!
* * * LOW HITPOINT WARNING * * *
The meliai closely misses you. x2
The meliai calls down the wrath of its god upon you.
Something smites you!
You die...

..... ###..#
..... ##.#
##.. ..^..
#^..# ##.
..... #.)..# #
.....
#.....#######
.....
............##
.....
...........^.
.....
#^.....y..#
....#
....y.y@s.##
...(.......#
.>........##
..........#
.........##
........##
^...^...#
#####..## ###


You could see a wolf spider and 3 meliai.

Vanquished Creatures
  4 ghost moths
  An orc warlord (Orc:1)
  A stone giant (D:15)
  A spark wasp (Spider:2)
  2 entropy weavers (Spider:1)
  A yaktaur captain (D:14)
  An ice dragon (Lair:4)
  3 hydras
  3 catoblepae (Lair:5)
  5 centaur warriors
  4 boulder beetles
  6 two-headed ogres
  2 tengu warriors (D:15)
  7 death yaks
  2 orc high priests (Orc:2)
  Urug (Orc:1)
  A pharaoh ant (Spider:2)
  4 orb spiders
  A steelbarb worm (Spider:1)
  A wizard (D:14)
  5 orc sorcerers
  3 orc knights
  2 deep elf pyromancers
  3 manticores
  11 ugly things
  2 wolf spiders (Spider:1)
  4 cyclopes
  2 moths of wrath (Spider:1)
  3 black mambas
  A cane toad (shapeshifter) (D:14)
  3 demonic crawlers (Spider:1)
  11 cane toads
  4 torpor snails
  2 gargoyles
  2 efreet
  11 komodo dragons
  4 rime drakes
  A kobold demonologist (D:13)
  2 yaktaurs (D:14)
  6 trolls
  A wind drake (shapeshifter) (D:13)
  3 meliai (D:15)
  2 polar bears
  Grinder (D:5)
  3 tarantellas
  3 blink frogs (Lair:3)
  A hornet (D:10)
  11 culicivoras
  10 slime creatures
  12 jumping spiders
  A shadow (D:11)
  A centaur simulacrum (D:15)
  A vampire (D:11)
  7 wyverns
  4 ynoxinuls (Trove)
  49 yaks
  Eustachio (D:5)
  A basilisk (Lair:4)
  Grum (Lair:1)
  23 redbacks
  A steam dragon (D:5)
  2 vampire mosquitoes (D:13)
  4 wargs
  Edmund (D:6)
  16 water moccasins
  An ice beast (D:5)
  31 orc warriors
  2 sky beasts (D:7)
  3 ogres
  12 wolves
  11 centaurs
  2 phantoms
  3 kobold brigands
  13 bullfrogs
  A scorpion (D:7)
  3 wights (D:8)
  9 killer bees
  4 electric eels
  3 howler monkeys (D:10)
  A crimson imp (D:14)
  7 hounds
  A gnoll bouda (D:7)
  10 orc priests
  6 iguanas
  20 orc wizards
  6 hell rats (Lair:5)
  11 gnolls
  11 adders
  A shadow imp (D:6)
  6 white imps
  2 ufetubi
  2 worms
  3 dart slugs
  60 orcs
  5 ball pythons
  8 endoplasms
  8 giant cockroaches
  11 goblins
  11 hobgoblins
  2 jackals (D:1)
  19 kobolds
  A quokka (D:2)
  9 bats
  A frilled lizard (D:1)
  4 rats
  A butterfly (Lair:5)
618 creatures vanquished.

Vanquished Creatures (collateral kills)
  The ghost of Idogg the Bludgeoner, a journeyman GrFi of Okawaru (D:14)
  An orc warrior (Orc:2)
  An ogre (Orc:2)
  A gnoll (D:7)
4 creatures vanquished.

Vanquished Creatures (others)
  An orc (D:15)
  16 fungi
  31 plants
48 creatures vanquished.

Grand Total: 670 creatures vanquished

Notes
Turn   | Place    | Note
-------+----------+-------------------------------------------
     0 | D:1      | Lobster4 the Troll Hedge Wizard began the quest for the
                  | Orb.
     0 | D:1      | Reached XP level 1. HP: 16/16 MP: 2/2
   335 | D:1      | Reached XP level 2. HP: 23/24 MP: 4/4
   603 | D:1      | Found Haixt's Antique Armour Shoppe.
  1211 | D:1      | Reached skill level 1 in Unarmed Combat
  1350 | D:2      | Reached XP level 3. HP: 31/32 MP: 5/5
  1372 | D:2      | Reached skill level 1 in Conjurations
  1381 | D:2      | Reached skill level 1 in Armour
  1395 | D:2      | Reached XP level 4. HP: 18/40 MP: 6/6
  1465 | D:2      | Reached skill level 1 in Fighting
  1851 | D:3      | Reached skill level 1 in Maces & Flails
  1879 | D:3      | Reached XP level 5. HP: 42/48 MP: 7/7
  1953 | D:3      | Found Taegheh's Assorted Antiques.
  2033 | D:3      | Found Penulaov's Antique Armour Boutique.
  2114 | D:3      | Found a faded altar of an unknown god.
  2225 | D:3      | Found Bumu's Antique Armour Boutique.
  2332 | D:3      | Found Woulal's Weapon Emporium.
  2573 | D:3      | Found Kohuak's Distillery.
  2579 | D:3      | Bought a potion of degeneration for 10 gold pieces
  2691 | D:4      | Reached skill level 2 in Unarmed Combat
  2999 | D:4      | Reached XP level 6. HP: 44/55 MP: 8/8
  3091 | D:4      | Found a broken altar of Ashenzari.
  3118 | D:4      | Found a sacrificial altar of Ru.
  3309 | D:5      | Entered Level 5 of the Dungeon
  3352 | D:5      | Noticed Grinder
  3352 | D:5      | Noticed an ice beast
  3462 | D:5      | Noticed Edmund
  3726 | D:5      | Noticed a water moccasin
  3736 | D:5      | Killed a water moccasin
  3743 | D:5      | Found a glowing golden altar of the Shining One.
  3756 | D:5      | Noticed a steam dragon
  4075 | D:6      | Reached XP level 7. HP: 42/65 MP: 9/9
  4280 | D:6      | Found a staircase to the Ecumenical Temple.
  4324 | D:6      | Reached skill level 3 in Unarmed Combat
  4338 | Temple   | Entered the Ecumenical Temple
  4338 | Temple   | Found a transporter.
  4338 | Temple   | Found a transporter.
  4340 | Temple   | Found a transporter.
  4340 | Temple   | Found a transporter.
  4355 | Temple   | Became a worshipper of the Wu Jian Council
  4567 | D:6      | Found a hide-covered altar of Uskayaw.
  4567 | D:6      | Noticed a +0 hand axe
  4567 | D:6      | Noticed a +0 dagger
  4741 | D:6      | Killed Edmund
  4752 | D:5      | Killed a steam dragon
  4824 | D:5      | Reached XP level 8. HP: 71/74 MP: 11/11
  5000 | D:5      | Reached skill level 4 in Unarmed Combat
  5084 | D:5      | Noticed Eustachio
  5423 | D:7      | Reached * piety under Wu Jian
  5424 | D:7      | Reached skill level 5 in Unarmed Combat
  5616 | D:7      | Reached XP level 9. HP: 79/85 MP: 12/12
  6039 | D:7      | Reached skill level 6 in Unarmed Combat
  6215 | D:8      | Identified a scroll of acquirement
  6215 | D:8      | Acquired the amulet "Biminy" {Reflect rElec Str+4 SH+5}
  6320 | D:8      | Reached skill level 5 in Fighting
  6347 | D:8      | Found a white marble altar of Elyvilon.
  6846 | D:9      | You fall into a shaft and drop 1 floor!
  6846 | D:10     | Entered Level 10 of the Dungeon
  6850 | D:10     | Found Pydotir's Armour Shop.
  6873 | D:10     | Learned a level 2 spell: Blink
  6907 | D:10     | Noticed a two-headed ogre
  7126 | D:3      | Bought a heavily jewelled robe for 165 gold pieces
  7126 | D:3      | Identified the +1 robe of the Stars {rN+} (You bought it in
                  | a shop on level 3 of the Dungeon)
  7126 | D:3      | Bought a ripped robe for 165 gold pieces
  7126 | D:3      | Identified the +1 robe "Nimiuw" {rCorr Stlth+} (You bought
                  | it in a shop on level 3 of the Dungeon)
  7161 | D:3      | Bought a scroll labelled KIYCIO TIOCW for 26 gold pieces
  7329 | D:5      | Killed Eustachio
  7330 | D:5      | Reached skill level 1 in Translocations
  7391 | D:5      | Killed Grinder
  7634 | D:8      | Reached skill level 5 in Armour
  7634 | D:8      | Reached skill level 7 in Unarmed Combat
  7739 | D:9      | Reached XP level 10. HP: 71/98 MP: 13/13
  7744 | D:9      | Reached ** piety under Wu Jian
  8153 | D:9      | Noticed a two-headed ogre
  8166 | D:9      | Killed a two-headed ogre
  8416 | D:9      | Found a staircase to the Lair.
  8442 | D:9      | Reached skill level 8 in Unarmed Combat
  8774 | D:10     | Killed a two-headed ogre
  9026 | D:11     | Noticed a cyclops
  9036 | D:11     | Killed a cyclops
  9351 | D:11     | Noticed a two-headed ogre
  9372 | D:11     | Killed a two-headed ogre
  9373 | D:11     | Reached XP level 11. HP: 59/109 MP: 14/14
  9428 | D:11     | Found a staircase to the Orcish Mines.
  9643 | D:11     | Reached skill level 1 in Throwing
  9643 | D:11     | Reached skill level 9 in Unarmed Combat
  9774 | Orc:1    | Entered Level 1 of the Orcish Mines
  9953 | Orc:2    | Entered Level 2 of the Orcish Mines
  9994 | Orc:2    | Noticed a two-headed ogre
 10016 | Orc:2    | Reached *** piety under Wu Jian
 10017 | Orc:2    | Reached skill level 1 in Evocations
 10114 | Orc:2    | Noticed an orc sorcerer
 10204 | Lair:1   | Entered Level 1 of the Lair of Beasts
 10740 | Lair:1   | Noticed Grum
 10907 | Lair:1   | Killed Grum
 10962 | Lair:1   | Reached **** piety under Wu Jian
 11390 | Lair:2   | Noticed a seven-headed hydra
 11595 | Lair:2   | Reached skill level 5 in Dodging
 11657 | Lair:2   | Noticed a five-headed hydra
 11668 | Lair:2   | Killed a five-headed hydra
 11669 | Lair:2   | Reached XP level 12. HP: 64/119 MP: 15/15
 11975 | Lair:2   | Found a staircase to the Shoals.
 12461 | Lair:2   | Killed a seven-headed hydra
 12495 | Lair:3   | Noticed a four-headed hydra
 12510 | Lair:3   | Killed a four-headed hydra
 12511 | Lair:3   | Reached skill level 10 in Unarmed Combat
 12643 | Lair:3   | Noticed a death yak
 12656 | Lair:3   | Killed a death yak
 12731 | Lair:3   | Found a hole to the Spider Nest.
 13627 | Lair:4   | Found a burning altar of Makhleb.
 13736 | Lair:4   | Found a viscous altar of Jiyva.
 13736 | Lair:4   | Found a staircase to the Slime Pits.
 13772 | Lair:4   | Noticed a boulder beetle
 13784 | Lair:4   | Killed a boulder beetle
 14005 | Lair:4   | Reached skill level 5 in Maces & Flails
 14264 | Lair:4   | Reached ***** piety under Wu Jian
 14506 | Lair:4   | Noticed an ice dragon
 14530 | Lair:4   | Killed an ice dragon
 14978 | Lair:5   | Entered Level 5 of the Lair of Beasts
 15230 | Lair:5   | Reached XP level 13. HP: 115/130 MP: 12/16
 15716 | Lair:5   | Reached skill level 5 in Throwing
 16261 | Lair:5   | Reached skill level 5 in Conjurations
 16793 | Lair:5   | Reached skill level 11 in Unarmed Combat
 17360 | Lair:5   | Identified the amulet "Wirodeq" {Spirit rElec rF+ Dex+2
                  | SInv}
 17714 | Orc:2    | Paralysed by an orc sorcerer for 4 turns
 17724 | Orc:2    | Found Efepeasm's Antique Armour Shoppe.
 18150 | Orc:2    | Noticed an orc warlord
 18193 | Orc:1    | Killed an orc warlord
 18285 | Orc:2    | Found Pujir's General Store.
 18460 | Orc:2    | Found Joblu's Antique Weapon Emporium.
 18571 | Orc:2    | Found a staircase to the Elven Halls.
 18587 | Orc:2    | Found Kimoroil's Book Emporium.
 18621 | Orc:2    | Reached ****** piety under Wu Jian
 18683 | Orc:2    | Reached XP level 14. HP: 141/141 MP: 12/17
 19019 | Orc:1    | Noticed Urug
 19044 | Orc:1    | Killed Urug
 19352 | D:12     | Identified the ring of Xom's Amusement {EV+5 Dex+2}
 19642 | D:12     | Upgraded the game from 0.30-a0-718-geaa24f58ff to
                  | 0.30-a0-719-gcc4359ea44
 19745 | D:12     | Found Yjuj's Assorted Antiques.
 19760 | D:12     | Found a portal to a secret trove of treasure.
 19781 | Trove    | Entered a treasure trove
 19915 | Trove    | Identified the ring of the Raven {rElec rC+ rCorr}
 21218 | D:13     | Reached skill level 10 in Fighting
 21893 | D:14     | Found Lehit's Antique Armour Boutique.
 21896 | D:14     | Bought a glowing hat for 273 gold pieces
 21925 | D:14     | Reached skill level 12 in Unarmed Combat
 22122 | D:14     | Found a runed translucent gate.
 22122 | D:14     | Found a runed translucent gate.
 22126 | D:14     | Found a runed translucent gate.
 22130 | D:14     | Noticed Idogg's ghost (journeyman GrFi)
 22284 | D:14     | Found Zuerhib's General Store.
 22296 | D:14     | Bought a scroll of blinking for 105 gold pieces
 22338 | D:14     | Found Kunwepry's Antique Weapon Boutique.
 22373 | D:14     | Found a gate to the Vaults.
 23117 | D:14     | Killed Idogg's ghost
 23223 | D:15     | Entered Level 15 of the Dungeon
 23353 | D:15     | Found a staircase to the Depths.
 23353 | D:15     | Noticed a stone giant
 23362 | D:15     | Killed a stone giant
 24038 | D:15     | Found Gautis's Magic Scroll Shoppe.
 24044 | D:15     | Bought 3 scrolls of blinking for 270 gold pieces
 24044 | D:15     | Bought a scroll of teleportation for 36 gold pieces
 24044 | D:15     | Bought a scroll of teleportation for 36 gold pieces
 24044 | D:15     | Bought a scroll of teleportation for 36 gold pieces
 24044 | D:15     | Bought a scroll of teleportation for 36 gold pieces
 24497 | Spider:1 | Entered Level 1 of the Spider Nest
 24643 | Spider:1 | Reached XP level 15. HP: 146/152 MP: 19/19
 25008 | Spider:1 | Reached skill level 10 in Armour
 27017 | Spider:2 | Reached skill level 13 in Unarmed Combat
 27214 | Spider:2 | HP: 1/152 [meliai/divine providence (9)]
 27214 | Spider:2 | Killed from afar by a meliai

Illustrated notes

Levels and vault maps discovered:
D:1:      dpeg_arrival_solitude, layout_basic, serial_co_window_serial,
          co_window_corner_a, co_window_paths_a, co_window_paths_b,
          co_window_paths_a, co_window_of_opportunity_a, co_window_paths_a,
          co_window_of_opportunity_a, co_window_paths_b, co_window_corner_a,
          co_window_paths_c, co_window_corner_b, co_window_2corner,
          co_window_cross_2, co_window_4corner_b, co_window_paths_e,
          glass_columns_a, glass_columns_c, glass_columns_b, glass_columns_a,
          glass_columns_a, serial_shops, nicolae_square_shop
D:2:      layout_basic
D:3:      layout_basic, serial_shops, nicolae_square_shop,
          nicolae_shop_competitors_out_of_business, shop,
          nicolae_shop_waterfront, nicolae_shop_advertising_works
          [nicolae_subvault_shop_adworks], shapermc_ecumenical_altar_acropolis
D:4:      layout_basic, jmf_multi_god_temple
D:5:      layout_basic, tso_oasis_becter, uniq_eustachio, uniq_edmund,
          uniq_grinder
D:6:      layout_gridville, dancing_weapons_uskayaw,
          minmay_temple_entry_glassed_door
D:7:      layout_loops_ring, kennysheep_generic_room_13
D:8:      layout_rooms, lemuel_doored_altar, nicolae_underground_beach
D:9:      layout_big_octagon, david_lair_shrubbed, solitary_fountain
D:10:     layout_cave_pools, serial_shops, shop
D:11:     layout_loops_ring, orc_0_dummy
D:12:     layout_basic, nicolae_trove_entry_isolated, serial_shops,
          nicolae_shop_trees
D:13:     layout_basic
D:14:     layout_long_grid, david_vaults_2, roderic_roman_lattice,
          ebering_ghost_rock_garden, serial_shops, shop_statue,
          nicolae_stop_n_shop_2, shop, hangedman_abyss_or_decor_passed,
          lightli_wizard_tower
D:15:     grunt_enter_depths_snipers, layout_basic, hangedman_decor_growths,
          serial_shops, nicolae_shop_competitors_out_of_business
Temple:   hellmonk_temple_divided_pantheon
Lair:1:   layout_roguey, nicolae_quartered_pool_little,
          grunt_forest_stairs_basic, uniq_grum
Lair:2:   layout_long_grid, minmay_shoals_entry_centaurs, grunt_megastairs_3,
          serial_bayou_shore_a
Lair:3:   layout_concentric_octagons, nicolae_spider_entry_orb_guardian
Lair:4:   layout_gridlike, slime_entry_1, basic_altar, bobbens_ice_dragon_lair,
          lemuel_fruit_tree
Lair:5:   evilmike_catoblepas_cave, layout_gridlike, lemuel_fruit_fields,
          grunt_megastairs_4
Spider:1: layout_spider_delve, nicolae_spider_twisty_arc_passages
Spider:2: layout_cave_pods
Orc:1:    layout_diamond_mine, abandoned_shop, uniq_urug
Orc:2:    grunt_orc_gardens, layout_caves, grunt_orc_garden, grunt_orc_garden,
          grunt_orc_garden, grunt_orc_garden

Skill      XL: |  1  2  3  4  5  6  7  8  9 10 11 12 13 14 15 |
---------------+----------------------------------------------+-----
Unarmed Combat | 1 2 3 5 7 8 9 10 11 12 13 | 13.0
Conjurations   | 1 2 3 4 5 |  5.0
Armour         | 1 2 3 5 6 7 8 9 10 | 10.0
Fighting       | 1 2 4 5 7 8 9 10 | 10.9
Dodging        | 2 3 5 6 7 8 |  8.7
Maces & Flails | 1 2 3 5 6 8 |  8.9
Spellcasting   | 3 4 |  4.0
Translocations | 2 3 4 |  4.0
Throwing       | 3 4 5 |  5.0
Evocations     | 2 3 |  3.0
Stealth        | |  1.0
Summonings     | |  0.6

Action                     |  1- 3 |  4- 6 |  7- 9 | 10-12 | 13-15 || total
---------------------------+-------+-------+-------+-------+-------++-------
  Melee: Unarmed           |   120 |   247 |   404 |   559 |  1183 ||  2513
         Punch             |     2 |     3 |    11 |    35 |    92 ||   143
         Mace              |       |       |       |    17 |       ||    17
  Throw: Dart              |       |       |     9 |    71 |    32 ||   112
         Throwing net      |       |       |     1 |     3 |       ||     4
         Large rock        |       |       |       |    11 |     7 ||    18
         Boomerang         |       |       |       |     4 |    64 ||    68
   Cast: Magic Dart        |     4 |     8 |    53 |    75 |    50 ||   190
Ability: Lunge             |       |       |    16 |    31 |    63 ||   110
         Whirlwind         |       |       |     4 |    65 |    97 ||   166
  Evoke: Wand              |       |       |       |     2 |     9 ||    11
         Tin of tremorston |       |       |       |       |     4 ||     4
    Use: Scroll            |     1 |     7 |     8 |    14 |    16 ||    46
         Potion            |       |       |     3 |     3 |    11 ||    17
   Stab: Sleeping          |     1 |     1 |     5 |     4 |     1 ||    12
         Invisible         |       |       |     2 |       |       ||     2
         Held in net/web   |       |       |     1 |     4 |       ||     5
         Distracted        |       |       |       |     2 |       ||     2
         Petrified         |       |       |       |       |     2 ||     2
 Armour: Robe              |    60 |    64 |    34 |   150 |   198 ||   506
         Steam dragon scal |       |       |    89 |       |   132 ||   221
  Dodge: Dodged            |    73 |   118 |   156 |   260 |   728 ||  1335
  Block: Other             |       |       |    14 |    93 |   212 ||   319
         Reflection        |       |       |       |     7 |    12 ||    19

Table legend: (Time is in decaauts)
 A = Elapsed time spent in this place.
 B = Non-inter-level travel time spent in this place.
 C = Inter-level travel time spent in this place.
 D = Time resting spent in this place.
 E = Time spent auto-exploring this place.
 F = Levels seen in this place.
 G = Mean time per level.
                   A        B        C        D        E       F      G
               +--------+--------+--------+--------+--------+-----+--------+
         Total |  26947 |  25220 |   1727 |   4321 |  14412 |  26 | 1036.4 |
       Dungeon |  14524 |  13255 |   1269 |   1305 |   8755 |  15 |  968.3 |
        Temple |     44 |     35 |      9 |      0 |      5 |   1 |   44.0 |
          Lair |   7406 |   7095 |    311 |   1684 |   3780 |   5 | 1481.2 |
   Spider Nest |   2558 |   2529 |     29 |    761 |   1035 |   2 | 1279.0 |
  Orcish Mines |   2079 |   1972 |    107 |    471 |    816 |   2 | 1039.5 |
         Trove |    333 |    333 |      0 |    100 |     21 |   1 |  333.0 |
               +--------+--------+--------+--------+--------+-----+--------+

Top non-repeatable levels by time:
  Lair:5: 2394 daAuts
Spider:1: 1515 daAuts
  Lair:4: 1368 daAuts
    D:14: 1334 daAuts
  Lair:3: 1286 daAuts
     D:1: 1250 daAuts
     D:5: 1237 daAuts
  Lair:2: 1217 daAuts
  Lair:1: 1140 daAuts
    D:13: 1123 daAuts
   Orc:2: 1085 daAuts
    D:12: 1074 daAuts
    D:15: 1055 daAuts
Spider:2: 1043 daAuts
     D:9: 1016 daAuts
